 Dungeon Sprint DCSS version 0.17.2-1-ge4368a0 (webtiles) character file.

68679 mopl the Wrestler (level 14, -2/159 HPs)
             Began as a Troll Berserker on Aug 23, 2016.
             Was the Champion of Trog.
             Slain by Mennas
             ... wielding a +5 eudemon blade of holy wrath
              (33 damage)
             ... in the Dungeon (Sprint IX: "|||||||||||||||||||||||||||||").
             The game lasted 00:17:11 (3289 turns).

mopl the Wrestler (Troll Berserker)                 Turns: 3289, Time: 00:17:11

Health: -2/159     AC: 17    Str: 28    XL:     14   Next: 87%
Magic:  22/22      EV: 12    Int:  3    God:    Trog [******]
Gold:   1551       SH:  0    Dex: 13    Spells: 0 memorised, 13 levels left

rFire  + + +     SeeInvis .       - Unarmed
rCold  . . .     Clarity  .     l - +1 fire dragon armour
rNeg   . . .     SustAt   .     (no shield)
rPois  +         Gourm    +     (helmet restricted)
rElec  .         Spirit   .     G - +1 cloak {rPois}
rCorr  .         Warding  .     (gloves unavailable)
rMut   .         NoTele   +     (boots unavailable)
MR     +++..                    (no amulet)
Stlth  ..........               w - ring of protection from cold
                                J - ring of protection from fire

@: very slightly contaminated, regenerating, hasted, glowing, silenced, very
quick, extremely resistant to hostile enchantments, extremely unstealthy
A: unfitting armour, claws 3, fast metabolism 3, gourmand, regeneration 2,
shaggy fur 1, tough skin 2
a: Renounce Religion


You were in the Dungeon.
You worshipped Trog.
Trog was exalted by your worship.
You were very full.

You visited 1 branch You collected 1949 gold pieces.
You spent 398 gold pieces at shops.

Inventory:

Missiles
 g - 8 silver javelins
 n - 20 large rocks (quivered)
 u - 20 poisoned javelins
 v - 5 silver tomahawks
 x - 7 steel javelins
 y - 6 javelins
 B - 4 tomahawks of returning
 C - 16 tomahawks
 N - 7 javelins of penetration
 O - 2 javelins of returning
 P - 10 needles of confusion
 Q - 6 needles of slowing
Armour
 l - a +1 fire dragon armour (worn)
 m - a +1 large shield
 D - a +2 robe of positive energy
 E - the +3 robe of the Will of the Gods {Int+3 Dex+2}
   (You bought it in a shop in the Dungeon)

   It affects your intelligence (+3).
   It affects your dexterity (+2).
 F - the +0 cloak of Sin {rCorr Str+3 Int-3 Dex+5}
   (You bought it in a shop in the Dungeon)

   It affects your strength (+3).
   It affects your intelligence (-3).
   It affects your dexterity (+5).
   It protects you from acid and corrosion.
 G - a +1 cloak of poison resistance (worn)
 H - a +1 robe of cold resistance
 I - a +1 cloak of magic resistance
 K - a +0 swamp dragon armour
Rods
 o - a +8 iron rod (13/13)
   (You found it in the Dungeon)
Jewellery
 w - a ring of protection from cold (right claw)
 J - a ring of protection from fire (left claw)
Wands
 k - a wand of fire (7)
Scrolls
 h - a scroll of blinking
 j - 3 scrolls of remove curse
 p - a scroll of fog
 s - 2 scrolls of fear
 t - 2 scrolls of identify
 M - a scroll of recharging
Potions
 c - 5 potions of curing
 d - 3 potions of heal wounds
 e - 2 potions of haste
 f - 4 potions of magic
 i - a potion of invisibility
 q - a potion of agility
 r - a potion of might
 L - a potion of resistance
Comestibles
 a - 14 chunks of flesh
 b - 14 bread rations
 z - 40 fruits
 A - 12 meat rations


   Skills:
 + Level 15.3 Fighting
 * Level 18.4 Throwing
 + Level 9.1 Armour
 + Level 9.4 Dodging
 + Level 9.8 Shields
 + Level 21.8 Unarmed Combat
 + Level 12.5 Evocations


You had 13 spell levels left.
You didn't know any spells.

Dungeon Overview and Level Annotations

Branches:
Dungeon (1/1)

Altars:
Cheibriados
Dithmenos
Elyvilon
Fedhas
Gozag
Kikubaaqudgha
Makhleb
Nemelex Xobeh
Okawaru
Qazlal
Ru
Sif Muna
Trog
Vehumet
Xom
Yredelemnul
Zin
The Shining One
Beogh
Jiyva
Lugonu

Shops:
D [}[%

Annotations:
D Mennas


Innate Abilities, Weirdness & Mutations

You are too large for most types of armour.
You have claws for hands.
Your metabolism is lightning-fast.
You like to eat raw meat.
You heal very quickly.
You are covered in fur (AC +1).
You have very tough skin (AC +2).


Message History

* * * LOW HITPOINT WARNING * * *
Your stone giant hits Mennas!!
Mennas blocks your attack.
Your claw misses Mennas.
Mennas is moderately wounded.
Mennas blocks your attack.
Mennas is moderately wounded.
Mennas hits you with an eudemon blade of holy wrath.
* * * LOW HITPOINT WARNING * * *
Mennas hits you but does no damage.
Your stone giant closely misses Mennas.
You mangle Mennas!!
Mennas is moderately wounded.
Mennas blocks your attack.
Mennas is moderately wounded.
Mennas hits you with an eudemon blade of holy wrath!!
* * * LOW HITPOINT WARNING * * *
Mennas hits you but does no damage.
Your stone giant misses Mennas.
Drink which item? (? for menu, Esc to quit)
You feel much better.
Your stone giant barely misses Mennas.
Mennas hits you with an eudemon blade of holy wrath!!
You die...

▓.▓.▓.▓.▓.▓.▓.▓.▓.
▓.▓.▓'▓.▓.▓.▓.▓.▓.
▓)▓.▓.▓.▓.▓.▓.▓.▓'
▓.▓.▓.▓.▓)▓.▓)▓.▓)
▓.▓.▓.▓.▓.▓.▓∩▓.▓)
▓.▓.▓.▓.▓)▓.▓.▓.▓.
▓C▓.▓.▓.▓.▓.▓∩▓.▓.
▓A▓.▓.▓.▓.▓.▓.▓.▓.
▓@▓.▓.▓.▓.▓.▓∩▓.▓.
▓.▓.▓.▓.▓)▓.▓.▓.▓.
▓.▓.▓.▓.▓(▓)▓∩▓.▓.
▓.▓.▓†▓.▓.▓.▓.▓.▓.
▓)▓.♣.♣.▓)▓.▓.▓.▓.
▓)▓.♣.♣.▓[▓.▓.▓.▓.
▓.▓.♣.♣.▓)▓.▓.▓.▓%
▓)▓.♣.♣.▓)▓.▓.▓.▓%
▓)▓.♣.♣.▓.▓.▓)▓.▓)


You could see Mennas and a friendly stone giant (berserk).

Vanquished Creatures
  Margery (D)
  Nikola (D)
  A golden dragon (D)
  2 fire giants (D)
  2 frost giants (D)
  A vault warden (D)
  A very ugly thing (D)
  2 stone giants (D)
  A salamander stormcaller (D)
  2 fire dragons (D)
  2 ettins (D)
  A yaktaur captain (D)
  An entropy weaver (D)
  A centaur warrior (D)
  2 hydras (D)
  Erolcha (D)
  3 ogre magi (D)
  An alligator (D)
  2 spriggan berserkers (D)
  An orc high priest (D)
  A tengu warrior (D)
  5 death yaks (D)
  A shock serpent (shapeshifter) (D)
  Urug (D)
  A vampire mage (D)
  An iron troll (D)
  A shock serpent (D)
  4 hell knights (D)
  2 unseen horrors (D)
  A naga ritualist (D)
  A skeletal warrior (D)
  A spriggan druid (D)
  A flayed ghost (D)
  A sea snake (D)
  2 deep trolls (D)
  A swamp dragon (D)
  2 giant orange brains (D)
  2 ironbrand convokers (D)
  5 hill giants (D)
  2 necromancers (D)
  A wizard (D)
  A water nymph (D)
  An ugly thing (D)
  A salamander (D)
  2 wolf spiders (D)
  A siren (D)
  An orc sorcerer (D)
  A manticore (D)
  2 guardian serpents (D)
  4 orc knights (D)
  Maurice (D)
  4 black mambas (D)
  3 vault sentinels (D)
  A hornet (D)
  3 spiny frogs (D)
  A komodo dragon (D)
  2 yaktaurs (D)
  2 jumping spiders (D)
  4 merfolk (D)
  A wind drake (shapeshifter) (D)
  A bog body (D)
  2 slime creatures (D)
  A boulder beetle (D)
  4 trolls (D)
  A shadow (D)
  4 tarantellas (D)
  A trapdoor spider (D)
  4 yaks (D)
  2 basilisks (D)
  2 water moccasins (D)
  A necrophage (D)
  A swamp drake (D)
  An ice beast (D)
  A sky beast (D)
  A wasp (D)
  3 orc warriors (D)
  A centaur (D)
  2 giant frogs (D)
  A scorpion (D)
  A hound (D)
  3 orc priests (D)
  An orc wizard (D)
  A worker ant (D)
  An adder (D)
  A gnoll (D)
  A shadow imp (D)
  A worm (D)
  6 orcs (D)
  A goblin (D)
  A bat (D)
  A giant gecko zombie (D)
  2 kobolds (D)
  A rat (D)
  A fire vortex (D)
159 creatures vanquished.

Vanquished Creatures (collateral kills)
  An ettin (D)
  A hydra (D)
  An orc high priest (D)
  A cyclops (D)
  An ugly thing (D)
  2 spiny frogs (D)
  A komodo dragon (D)
  A fire drake (D)
  A trapdoor spider (D)
  A yak (D)
  2 wyverns (D)
  2 porcupines (D)
  A black bear (shapeshifter) (D)
  5 orc warriors (D)
  A crocodile (D)
  An orc priest (D)
  An iguana (D)
  An orc (D)
25 creatures vanquished.

Vanquished Creatures (others)
  An ugly thing (D)
1 creature vanquished.

Grand Total: 185 creatures vanquished

Notes
Turn   | Place    | Note
--------------------------------------------------------------
     0 | D        | mopl the Troll Berserker began the quest for the Orb.
     0 | D        | Reached XP level 1. HP: 22/22 MP: 0/0
     7 | D        | Reached skill level 1 in Throwing
     9 | D        | Reached ** piety under Trog
    40 | D        | Noticed a hound
    40 | D        | Noticed a worker ant
    40 | D        | Noticed a sky beast
    43 | D        | Reached *** piety under Trog
    43 | D        | Reached skill level 4 in Unarmed Combat
    44 | D        | Reached skill level 3 in Fighting
    44 | D        | Reached skill level 2 in Throwing
    44 | D        | Reached XP level 2. HP: 31/31 MP: 1/1
    52 | D        | Killed a sky beast
    52 | D        | Reached skill level 4 in Fighting
    52 | D        | Reached skill level 4 in Throwing
    52 | D        | Reached skill level 7 in Unarmed Combat
    52 | D        | Reached XP level 3. HP: 23/40 MP: 2/2
    52 | D        | Reached XP level 4. HP: 27/49 MP: 3/3
    53 | D        | Killed a worker ant
    53 | D        | Reached **** piety under Trog
    55 | D        | Killed a hound
    55 | D        | Reached XP level 5. HP: 32/55 MP: 4/4
    96 | D        | Found a glowing silver altar of Zin.
    96 | D        | Found a glowing golden altar of the Shining One.
    96 | D        | Found an ancient bone altar of Kikubaaqudgha.
    96 | D        | Found a basalt altar of Yredelemnul.
    96 | D        | Found a shimmering altar of Xom.
    96 | D        | Found a radiant altar of Vehumet.
    97 | D        | Found an iron altar of Okawaru.
    98 | D        | Found a burning altar of Makhleb.
    99 | D        | Found a deep blue altar of Sif Muna.
   100 | D        | Found a bloodstained altar of Trog.
   101 | D        | Found a sparkling altar of Nemelex Xobeh.
   102 | D        | Found a white marble altar of Elyvilon.
   103 | D        | Found a roughly hewn altar of Beogh.
   104 | D        | Found a viscous altar of Jiyva.
   105 | D        | Found a corrupted altar of Lugonu.
   106 | D        | Found a blossoming altar of Fedhas.
   107 | D        | Found a snail-covered altar of Cheibriados.
   108 | D        | Found a shadowy altar of Dithmenos.
   109 | D        | Found a stormy altar of Qazlal.
   110 | D        | Found an opulent altar of Gozag.
   111 | D        | Found a sacrificial altar of Ru.
   137 | D        | Noticed a scorpion
   137 | D        | Noticed an ice beast
   137 | D        | Noticed a necrophage
   137 | D        | Noticed a troll
   142 | D        | Reached skill level 5 in Fighting
   142 | D        | Reached skill level 8 in Unarmed Combat
   143 | D        | Killed a troll
   143 | D        | Reached skill level 6 in Fighting
   143 | D        | Reached skill level 6 in Throwing
   143 | D        | Reached skill level 10 in Unarmed Combat
   143 | D        | Reached XP level 6. HP: 67/67 MP: 5/5
   147 | D        | Killed a necrophage
   152 | D        | Killed an ice beast
   152 | D        | Reached skill level 11 in Unarmed Combat
   152 | D        | Reached XP level 7. HP: 76/76 MP: 6/6
   153 | D        | Killed a scorpion
   153 | D        | Reached ***** piety under Trog
   153 | D        | Reached skill level 7 in Throwing
   168 | D        | Noticed a wyvern
   168 | D        | Noticed a wyvern
   168 | D        | Noticed a green ugly thing
   168 | D        | Noticed a cyclops
   168 | D        | Noticed a black bear
   170 | D        | Noticed a trapdoor spider
   175 | D        | Killed a trapdoor spider
   175 | D        | Reached skill level 7 in Fighting
   175 | D        | Killed a black bear
   177 | D        | Killed a cyclops
   177 | D        | Reached skill level 12 in Unarmed Combat
   178 | D        | Killed a green ugly thing
   178 | D        | Reached skill level 8 in Throwing
   178 | D        | Reached XP level 8. HP: 17/88 MP: 7/7
   179 | D        | Killed a wyvern
   179 | D        | Reached skill level 8 in Fighting
   180 | D        | Killed a wyvern
   180 | D        | Reached skill level 13 in Unarmed Combat
   422 | D        | Noticed an iguana
   422 | D        | Noticed a spiny frog
   422 | D        | Noticed a basilisk
   422 | D        | Noticed a giant frog
   422 | D        | Noticed a komodo dragon
   422 | D        | Noticed a water moccasin
   423 | D        | Noticed a komodo dragon
   426 | D        | Killed a water moccasin
   428 | D        | Killed a komodo dragon
   428 | D        | Received a gift from Trog
   428 | D        | Reached skill level 1 in Evocations
   430 | D        | Killed a giant frog
   430 | D        | Reached skill level 9 in Throwing
   430 | D        | Reached skill level 2 in Evocations
   431 | D        | Noticed a porcupine
   434 | D        | Killed a basilisk
   434 | D        | Reached ****** piety under Trog
   437 | D        | Noticed a spiny frog
   446 | D        | Killed a spiny frog
   447 | D        | Killed a komodo dragon
   447 | D        | Received a gift from Trog
   447 | D        | Reached skill level 14 in Unarmed Combat
   447 | D        | Reached XP level 9. HP: 18/97 MP: 8/10
   447 | D        | Killed an iguana
   449 | D        | Killed a porcupine
   449 | D        | Reached skill level 9 in Fighting
   449 | D        | Killed a spiny frog
   449 | D        | Received a gift from Trog
   449 | D        | Reached skill level 3 in Evocations
   565 | D        | Noticed a porcupine
   565 | D        | Noticed a yak
   565 | D        | Noticed a yak
   565 | D        | Noticed a spiny frog
   565 | D        | Noticed a water moccasin
   565 | D        | Noticed a spiny frog
   568 | D        | Noticed a crocodile
   569 | D        | Killed a spiny frog
   575 | D        | Noticed a seven-headed hydra
   580 | D        | Killed a water moccasin
   580 | D        | Received a gift from Trog
   581 | D        | Noticed a fire drake
   583 | D        | Killed a spiny frog
   583 | D        | Reached skill level 10 in Throwing
   583 | D        | Reached skill level 4 in Evocations
   586 | D        | Killed a yak
   593 | D        | HP: 5/100 [yak (5)]
   594 | D        | Killed a yak
   595 | D        | Killed an eight-headed hydra
   595 | D        | Reached skill level 15 in Unarmed Combat
   595 | D        | Killed a porcupine
   597 | D        | Killed a crocodile
   597 | D        | HP: 1/101 [fire drake/blast of flame (11)]
   597 | D        | Killed a fire drake
   597 | D        | Received a gift from Trog
   739 | D        | Noticed a yak
   739 | D        | Noticed a death yak
   739 | D        | Noticed a death yak
   739 | D        | Noticed a yak
   739 | D        | Noticed a death yak
   739 | D        | Noticed a death yak
   744 | D        | Noticed a death yak
   744 | D        | Killed a death yak
   744 | D        | Received a gift from Trog
   744 | D        | Reached skill level 10 in Fighting
   744 | D        | Reached skill level 5 in Evocations
   744 | D        | Reached XP level 10. HP: 100/110 MP: 12/12
   747 | D        | Killed a death yak
   749 | D        | Noticed a yak
   750 | D        | Killed a death yak
   750 | D        | Reached skill level 11 in Throwing
   750 | D        | Reached skill level 16 in Unarmed Combat
   754 | D        | Killed a yak
   758 | D        | Killed a death yak
   758 | D        | Reached skill level 6 in Evocations
   766 | D        | Killed a death yak
   769 | D        | Killed a yak
   769 | D        | Received a gift from Trog
   775 | D        | Killed a yak
   927 | D        | Noticed Urug
   938 | D        | Killed Urug
   938 | D        | Reached skill level 11 in Fighting
   938 | D        | Reached skill level 17 in Unarmed Combat
   938 | D        | Reached XP level 11. HP: 96/120 MP: 13/15
   994 | D        | Noticed an orc priest
   994 | D        | Noticed an orc knight
   994 | D        | Noticed an ettin
   994 | D        | Noticed an orc wizard
   995 | D        | Received a gift from Trog
   999 | D        | Killed an ettin
   999 | D        | Received a gift from Trog
   999 | D        | Reached skill level 7 in Evocations
  1003 | D        | Killed an orc knight
  1004 | D        | Noticed an orc priest
  1006 | D        | Killed an orc wizard
  1009 | D        | Killed an orc priest
  1012 | D        | Received a gift from Trog
  1020 | D        | Killed an orc priest
  1021 | D        | Received a gift from Trog
  1026 | D        | Noticed an orc warrior
  1031 | D        | Killed an orc warrior
  1031 | D        | Received a gift from Trog
  1031 | D        | Reached skill level 12 in Throwing
  1050 | D        | Noticed an orc priest
  1052 | D        | Killed an orc priest
  1127 | D        | Noticed an orc warrior
  1127 | D        | Noticed an orc priest
  1127 | D        | Noticed an orc sorcerer
  1127 | D        | Noticed an orc warrior
  1127 | D        | Noticed an orc warrior
  1127 | D        | Noticed an orc high priest
  1131 | D        | Noticed an ice devil
  1135 | D        | Noticed an orc high priest
  1135 | D        | Killed an orc high priest
  1137 | D        | Killed an orc warrior
  1138 | D        | Noticed an orc warrior
  1148 | D        | Noticed an orc warrior
  1149 | D        | Killed an orc sorcerer
  1149 | D        | Received a gift from Trog
  1150 | D        | Noticed an orc warrior
  1152 | D        | Killed an orc warrior
  1157 | D        | Killed an orc warrior
  1158 | D        | Killed an orc priest
  1160 | D        | Killed an orc high priest
  1161 | D        | Killed an orc warrior
  1162 | D        | Killed an orc warrior
  1162 | D        | Received a gift from Trog
  1162 | D        | Reached skill level 18 in Unarmed Combat
  1163 | D        | Killed an orc warrior
  1170 | D        | Noticed an orc warrior
  1172 | D        | Killed an orc warrior
  1226 | D        | Found Tebagino's Food Boutique.
  1226 | D        | Noticed an ettin
  1226 | D        | Noticed a hill giant
  1226 | D        | Noticed a hill giant
  1226 | D        | Noticed a hill giant
  1226 | D        | Noticed a deep troll
  1227 | D        | Noticed a troll
  1232 | D        | Killed a deep troll
  1234 | D        | Noticed an ogre mage
  1236 | D        | Killed a hill giant
  1236 | D        | Reached skill level 8 in Evocations
  1238 | D        | HP: 2/123 [ettin/dire flail of protection (11)]
  1241 | D        | Killed an ettin
  1246 | D        | Killed a hill giant
  1246 | D        | Received a gift from Trog
  1246 | D        | Reached skill level 12 in Fighting
  1249 | D        | Killed a hill giant
  1249 | D        | Received a gift from Trog
  1250 | D        | Killed a troll
  1300 | D        | Killed an ogre mage
  1328 | D        | Noticed a stone giant
  1334 | D        | Killed a stone giant
  1334 | D        | Reached skill level 13 in Throwing
  1334 | D        | Reached skill level 19 in Unarmed Combat
  1354 | D        | Noticed a troll
  1360 | D        | Killed a troll
  1467 | D        | Noticed a deep troll
  1468 | D        | Killed a deep troll
  1468 | D        | Reached XP level 12. HP: 107/133 MP: 17/17
  1492 | D        | Found Ypuocoq's Antique Armour Shop.
  1496 | D        | Found Rimayrias's Gadget Boutique.
  1500 | D        | Found Jouqudic's Antique Armour Shop.
  1504 | D        | Noticed a hill giant
  1506 | D        | Noticed an iron troll
  1507 | D        | Killed a hill giant
  1507 | D        | Received a gift from Trog
  1507 | D        | Reached skill level 9 in Evocations
  1508 | D        | Noticed a troll
  1512 | D        | Killed an iron troll
  1519 | D        | Killed a troll
  1519 | D        | Received a gift from Trog
  1521 | D        | Bought a faintly glowing robe for 91 gold pieces
  1521 | D        | Bought a dazzling cloak for 152 gold pieces
  1521 | D        | Bought an embroidered cloak for 72 gold pieces
  1521 | D        | Bought a runed robe for 11 gold pieces
  1521 | D        | Bought a glowing cloak for 72 gold pieces
  1531 | D        | Identified the +3 robe of the Will of the Gods {Int+3 Dex+2} (You bought it in a shop in the Dungeon)
  1566 | D        | Identified the cursed +0 cloak of Sin {rCorr Str+3 Int-3 Dex+5} (You bought it in a shop in the Dungeon)
  1566 | D        | Lost intelligence.
  1643 | D        | Noticed Maurice
  1651 | D        | Killed Maurice
  1775 | D        | Noticed a manticore
  1775 | D        | Noticed a shadow
  1775 | D        | Noticed an orc knight
  1775 | D        | Noticed a basilisk
  1775 | D        | Noticed a wizard
  1778 | D        | Killed an unseen horror
  1779 | D        | Killed a wizard
  1779 | D        | Reached skill level 1 in Shields
  1781 | D        | Noticed a giant frog
  1784 | D        | Noticed a yaktaur
  1784 | D        | Killed a basilisk
  1784 | D        | Received a gift from Trog
  1793 | D        | Killed an orc knight
  1794 | D        | Noticed a vampire mage
  1796 | D        | Killed a shadow
  1802 | D        | Killed a manticore
  1804 | D        | Killed a giant frog
  1804 | D        | Reached skill level 2 in Shields
  1805 | D        | Killed a yaktaur
  1808 | D        | Noticed a jiangshi
  1813 | D        | Killed a vampire mage
  1827 | D        | Noticed a yaktaur
  1834 | D        | Killed a yaktaur
  1834 | D        | Received a gift from Trog
  1835 | D        | Noticed a fire dragon
  1840 | D        | Noticed a giant orange brain
  1848 | D        | Killed a fire dragon
  1848 | D        | Received a gift from Trog
  1848 | D        | Reached skill level 13 in Fighting
  1848 | D        | Reached skill level 3 in Shields
  1848 | D        | Reached skill level 20 in Unarmed Combat
  1851 | D        | Noticed an ogre mage
  1855 | D        | Killed a giant orange brain
  1864 | D        | Killed an ogre mage
  1864 | D        | Reached skill level 14 in Throwing
  1864 | D        | Reached skill level 1 in Armour
  2034 | D        | Noticed Erolcha
  2038 | D        | Killed Erolcha
  2038 | D        | Reached skill level 3 in Dodging
  2085 | D        | Noticed a sea snake
  2085 | D        | Noticed a merfolk
  2085 | D        | Noticed a merfolk
  2085 | D        | Noticed a siren
  2085 | D        | Noticed a water nymph
  2087 | D        | Killed a water nymph
  2087 | D        | Received a gift from Trog
  2089 | D        | Killed a siren
  2095 | D        | Killed a merfolk
  2095 | D        | Reached skill level 2 in Armour
  2095 | D        | Reached skill level 10 in Evocations
  2097 | D        | Noticed a centaur
  2099 | D        | Killed a merfolk
  2099 | D        | Reached skill level 4 in Shields
  2100 | D        | Noticed a merfolk
  2102 | D        | Killed a sea snake
  2103 | D        | Noticed a merfolk
  2105 | D        | Killed a centaur
  2105 | D        | Received a gift from Trog
  2107 | D        | Killed a merfolk
  2112 | D        | Killed a merfolk
  2112 | D        | Received a gift from Trog
  2215 | D        | Noticed a salamander
  2215 | D        | Noticed a guardian serpent
  2215 | D        | Noticed a shock serpent
  2215 | D        | Noticed a guardian serpent
  2215 | D        | Noticed a black mamba
  2215 | D        | Noticed a black mamba
  2218 | D        | Noticed a black mamba
  2218 | D        | Killed a black mamba
  2220 | D        | Noticed a naga ritualist
  2227 | D        | Noticed a black mamba
  2227 | D        | Killed a black mamba
  2227 | D        | Received a gift from Trog
  2228 | D        | Killed a black mamba
  2228 | D        | Reached skill level 4 in Dodging
  2230 | D        | Killed a guardian serpent
  2230 | D        | Reached skill level 3 in Armour
  2232 | D        | Killed a shock serpent
  2232 | D        | Reached XP level 13. HP: 72/144 MP: 19/19
  2234 | D        | Killed a guardian serpent
  2234 | D        | Received a gift from Trog
  2236 | D        | Killed a salamander
  2238 | D        | Killed a naga ritualist
  2238 | D        | Received a gift from Trog
  2238 | D        | Received a gift from Trog
  2238 | D        | Reached skill level 5 in Shields
  2242 | D        | Killed a black mamba
  2340 | D        | Noticed a spiny frog
  2340 | D        | Noticed a spriggan druid
  2340 | D        | Noticed a four-headed hydra
  2340 | D        | Noticed a swamp dragon
  2340 | D        | Noticed a seven-headed hydra
  2340 | D        | Noticed a wasp
  2346 | D        | Killed a wasp
  2358 | D        | Killed an eight-headed hydra
  2359 | D        | Killed a spriggan druid
  2359 | D        | Received a gift from Trog
  2365 | D        | Killed a four-headed hydra
  2365 | D        | Received a gift from Trog
  2365 | D        | Reached skill level 15 in Throwing
  2365 | D        | Reached skill level 4 in Armour
  2366 | D        | Killed a swamp dragon
  2366 | D        | Reached skill level 5 in Dodging
  2368 | D        | Killed a spiny frog
  2368 | D        | Received a gift from Trog
  2377 | D        | Noticed a bog body
  2379 | D        | Noticed an alligator
  2382 | D        | Killed a bog body
  2387 | D        | Killed an alligator
  2521 | D        | Noticed a hornet
  2521 | D        | Noticed a jumping spider
  2521 | D        | Noticed a jumping spider
  2521 | D        | Noticed a tarantella
  2521 | D        | Noticed a tarantella
  2521 | D        | Noticed a wolf spider
  2523 | D        | Noticed a tarantella
  2523 | D        | Killed a wolf spider
  2524 | D        | Killed a tarantella
  2525 | D        | Noticed a tarantella
  2526 | D        | Killed a jumping spider
  2527 | D        | Killed a tarantella
  2529 | D        | Killed a hornet
  2532 | D        | Killed a tarantella
  2535 | D        | Killed a tarantella
  2573 | D        | Noticed a trapdoor spider
  2575 | D        | Killed a trapdoor spider
  2577 | D        | Killed a jumping spider
  2577 | D        | Received a gift from Trog
  2577 | D        | Reached skill level 6 in Shields
  2650 | D        | Noticed a swamp drake
  2656 | D        | Killed a swamp drake
  2752 | D        | Noticed a frost giant
  2752 | D        | Noticed a brown ugly thing
  2752 | D        | Noticed a necromancer
  2752 | D        | Noticed a fire dragon
  2752 | D        | Noticed a stone giant
  2756 | D        | Killed a necromancer
  2756 | D        | Received a gift from Trog
  2758 | D        | Noticed a spriggan berserker
  2758 | D        | Killed a fire dragon
  2758 | D        | Reached skill level 5 in Armour
  2761 | D        | Noticed a yaktaur captain
  2761 | D        | Killed a brown ugly thing
  2765 | D        | Noticed a green very ugly thing
  2766 | D        | Killed a stone giant
  2766 | D        | Reached skill level 6 in Dodging
  2768 | D        | Noticed a golden dragon
  2770 | D        | Noticed a spriggan berserker
  2770 | D        | Killed a frost giant
  2770 | D        | Received a gift from Trog
  2770 | D        | Received a gift from Trog
  2770 | D        | Reached skill level 14 in Fighting
  2771 | D        | Killed a spriggan berserker
  2771 | D        | Reached skill level 11 in Evocations
  2776 | D        | Noticed a tengu warrior
  2777 | D        | Killed a yaktaur captain
  2777 | D        | Received a gift from Trog
  2777 | D        | Reached skill level 16 in Throwing
  2788 | D        | Killed a green very ugly thing
  2788 | D        | Reached skill level 6 in Armour
  2788 | D        | Reached skill level 7 in Shields
  2794 | D        | Killed a spriggan berserker
  2794 | D        | Received a gift from Trog
  2812 | D        | Killed a golden dragon
  2812 | D        | Reached skill level 7 in Dodging
  2812 | D        | Reached skill level 21 in Unarmed Combat
  2825 | D        | Killed a tengu warrior
  2832 | D        | Noticed a slime creature
  2836 | D        | Killed a slime creature
  2874 | D        | Noticed an entropy weaver
  2875 | D        | Noticed an ettin
  2876 | D        | Noticed a flayed ghost
  2885 | D        | Killed an ettin
  2885 | D        | Reached XP level 14. HP: 79/157 MP: 21/21
  2886 | D        | Noticed a frost giant
  2886 | D        | Killed an entropy weaver
  2886 | D        | Received a gift from Trog
  2888 | D        | Killed a flayed ghost
  2889 | D        | Noticed a fire giant
  2893 | D        | Killed a frost giant
  2893 | D        | Reached skill level 7 in Armour
  2896 | D        | Killed a fire giant
  2896 | D        | Received a gift from Trog
  2896 | D        | Reached skill level 8 in Shields
  3009 | D        | Noticed a vault sentinel
  3009 | D        | Noticed a vault sentinel
  3009 | D        | Noticed a boulder beetle
  3009 | D        | Noticed an ironbrand convoker
  3009 | D        | Noticed a hill giant
  3009 | D        | Noticed a skeletal warrior
  3016 | D        | Killed a hill giant
  3016 | D        | Reached skill level 17 in Throwing
  3018 | D        | Killed an ironbrand convoker
  3022 | D        | Killed a skeletal warrior
  3023 | D        | Killed a boulder beetle
  3025 | D        | Noticed a slime creature
  3026 | D        | Killed a vault sentinel
  3027 | D        | Killed a vault sentinel
  3027 | D        | Received a gift from Trog
  3029 | D        | Killed a slime creature
  3032 | D        | Noticed an orc knight
  3035 | D        | Noticed a vault sentinel
  3040 | D        | Noticed a centaur warrior
  3040 | D        | Killed a vault sentinel
  3041 | D        | Killed an orc knight
  3041 | D        | Reached skill level 8 in Dodging
  3043 | D        | Killed a centaur warrior
  3059 | D        | Killed an unseen horror
  3059 | D        | Received a gift from Trog
  3063 | D        | Noticed an ogre mage
  3065 | D        | Noticed a green ugly thing
  3066 | D        | Noticed a salamander stormcaller
  3068 | D        | Noticed a fire giant
  3070 | D        | Killed an ogre mage
  3070 | D        | Received a gift from Trog
  3071 | D        | Killed a green ugly thing
  3075 | D        | Killed a salamander stormcaller
  3078 | D        | Killed a fire giant
  3078 | D        | Received a gift from Trog
  3079 | D        | Noticed an ironbrand convoker
  3082 | D        | Noticed a giant orange brain
  3084 | D        | Killed an ironbrand convoker
  3084 | D        | Received a gift from Trog
  3084 | D        | Reached skill level 8 in Armour
  3085 | D        | Noticed a wolf spider
  3086 | D        | Killed a giant orange brain
  3086 | D        | Reached skill level 12 in Evocations
  3087 | D        | Noticed an orc knight
  3091 | D        | Killed an orc knight
  3093 | D        | Killed a wolf spider
  3093 | D        | Received a gift from Trog
  3093 | D        | Reached skill level 9 in Shields
  3120 | D        | Noticed a vault warden
  3131 | D        | Killed a vault warden
  3199 | D        | Noticed Margery
  3199 | D        | Noticed a hell knight
  3199 | D        | Noticed a hell knight
  3199 | D        | Noticed a hell knight
  3199 | D        | Noticed Nikola
  3204 | D        | Killed a hell knight
  3209 | D        | Killed a hell knight
  3209 | D        | Reached skill level 15 in Fighting
  3213 | D        | Killed Margery
  3213 | D        | Received a gift from Trog
  3213 | D        | Reached skill level 18 in Throwing
  3213 | D        | Reached skill level 9 in Dodging
  3222 | D        | Noticed a hell knight
  3225 | D        | Killed Nikola
  3225 | D        | Reached skill level 9 in Armour
  3229 | D        | Killed a hell knight
  3231 | D        | Killed a hell knight
  3231 | D        | Received a gift from Trog
  3236 | D        | Noticed a necromancer
  3238 | D        | Killed a necromancer
  3238 | D        | Received a gift from Trog
  3256 | D        | Noticed Mennas
  3289 | D        | Slain by Mennas

Action                   |  1- 3 |  4- 6 |  7- 9 | 10-12 | 13-15 || total
-------------------------+-------+-------+-------+-------+-------++-------
Melee: Unarmed           |    17 |    15 |    36 |   124 |   106 ||   298
Throw: Large rock        |       |       |     5 |   107 |    80 ||   192
       Javelin           |       |       |       |    10 |    47 ||    57
Invok: Berserk           |     1 |     1 |     2 |     4 |       ||     8
       Brothers in Arms  |       |       |     3 |     2 |     4 ||     9
       Trog's Hand       |       |       |       |     3 |     2 ||     5
  Use: Potion            |       |       |     2 |       |     6 ||     8
       Scroll            |       |       |       |     2 |     2 ||     4
  Eat: Chunk             |     4 |     1 |    12 |    17 |    11 ||    45
